 Dungeon Crawl Stone Soup version 0.14-a0-3278-gb24e923 (webtiles) character file.

427 Kae the Cleaver (level 6, -3/51 HPs)
             Began as a Hill Orc Fighter on Mar 13, 2014.
             Slain by Grinder (4 damage)
             ... on Level 3 of the Dungeon.
             The game lasted 00:02:33 (2005 turns).

Kae the Cleaver (Hill Orc Fighter)                  Turns: 2005, Time: 00:02:33

HP  -3/51        AC  6     Str 26      XL: 6   Next: 11%
MP   6/6         EV  7     Int  8      God:
Gold 181         SH 19     Dex 10      Spells:  0 memorised,  5 levels left

rFire  . . .     SeeInvis .     a - +0 war axe
rCold  . . .     Clarity  .     b - +0 scale mail
rNeg   . . .     Conserve .     c - +0 shield
rPois  .         rCorr    .     (no helmet)
rElec  .         rRot     .     (no cloak)
SustAb . .       Spirit   .     (no gloves)
rMut   .         Warding  .     (no boots)
Saprov + . .     Stasis   .     (no amulet)
MR     .....                    (no ring)
                                (no ring)

@: mighty, not resistant to hostile enchantments, extremely unstealthy
A: saprovore 1
a: no special abilities


You were on level 3 of the Dungeon.
You were not hungry.

You visited 1 branch of the dungeon, and saw 3 of its levels.

You collected 181 gold pieces.

Inventory:

Hand weapons
 a - a +0,+0 war axe (weapon)
Armour
 b - a +0 scale mail (worn)
 c - a +0 shield (worn)
Comestibles
 d - 2 meat rations
 n - a snozzcumber
 o - a bread ration
 x - 2 chunks of human flesh
Scrolls
 g - 2 scrolls of remove curse {unknown}
 k - 2 scrolls of teleportation {unknown}
 l - a scroll of enchant weapon II {unknown}
 m - a scroll of fog {unknown}
 p - 4 scrolls of identify {unknown}
 q - a scroll of fear {unknown}
 u - a scroll of enchant armour {unknown}
 v - a scroll of immolation {unknown}
 w - a scroll of random uselessness {unknown}
Jewellery
 i - a cursed -2 ring of strength {unknown}
 s - a cursed ring of teleportation {unknown}
Potions
 f - a potion of confusion {unknown}
 h - a potion of brilliance {unknown}
 j - 2 potions of curing {unknown}
 r - 2 potions of haste {unknown}
 t - a potion of heal wounds {unknown}


   Skills:
 - Level 3.6 Fighting
 + Level 8.2 Axes
 - Level 3.2 Armour
 - Level 3.2 Shields


You had 5 spell levels left.
You didn't know any spells.

Dungeon Overview and Level Annotations

Branches:
Dungeon (3/15)

Altars:
Elyvilon

Annotations:
D:3 Grinder


Innate Abilities, Weirdness & Mutations

You can tolerate rotten meat.


Message History

Grinder is moderately wounded.
Grinder barely misses you. Grinder hits you!
You slice Grinder!!
Grinder is almost dead.
You block Grinder's attack. Grinder gestures at you. You resist.
Unknown command.
You closely miss Grinder.
Grinder is almost dead.
Grinder gestures at you. Pain shoots through your body!
* * * LOW HITPOINT WARNING * * *
Unknown command.
Your shield and scale mail prevent you from hitting Grinder.
Grinder is almost dead.
Grinder barely misses you. Grinder hits you!
* * * LOW HITPOINT WARNING * * *
You writhe in agony.
You die...

#........#.##..#.......#.#
########.#.##..#.......#.####
...........##......_........#
.#.#####.####..#.......#.##.#
#.......####..#.......#....#
#.........##..##.....##.####
#..........#..####%####.....
.#.......#..#............####
............@5%..............
.#####.....##(####...........
#.....'.................
#.....##.#).#.#######...
#.....##.#..#.# ####
#........#).#.#
#.#......#..#.#
...#......#).#.#
#####......#....# ######


You could see Grinder.

Vanquished Creatures
  A big kobold (D:3)
  A hound (D:3)
  An orc wizard (D:3)
  Natasha (twice) (D:3)
  Terence (D:3)
  2 adders (D:2)
  A shadow imp (D:3)
  2 giant geckos
  An ooze (D:1)
  2 orcs (D:3)
  2 ball pythons
  5 goblins
  8 hobgoblins
  2 jackals (D:1)
  5 kobolds
  2 bats
  2 giant newts (D:1)
  11 rats
51 creatures vanquished.

Notes
Turn   | Place    | Note
--------------------------------------------------------------
     0 | D:1      | Kae, the Hill Orc Fighter, began the quest for the Orb.
     0 | D:1      | Reached XP level 1. HP: 19/19 MP: 1/1
   177 | D:1      | Reached XP level 2. HP: 26/26 MP: 2/2
   223 | D:1      | Reached skill level 4 in Axes
   687 | D:2      | Reached XP level 3. HP: 29/31 MP: 3/3
   949 | D:2      | Reached skill level 5 in Axes
  1165 | D:3      | Noticed Natasha
  1167 | D:3      | Reached XP level 4. HP: 39/39 MP: 4/4
  1183 | D:3      | Killed Natasha
  1183 | D:3      | Reached skill level 6 in Axes
  1282 | D:3      | Reached XP level 5. HP: 45/45 MP: 5/5
  1297 | D:3      | Found a white marble altar of Elyvilon.
  1322 | D:3      | Reached skill level 7 in Axes
  1564 | D:3      | Noticed Natasha
  1578 | D:3      | Killed Natasha
  1710 | D:3      | Reached skill level 8 in Axes
  1710 | D:3      | Reached XP level 6. HP: 21/51 MP: 6/6
  1923 | D:3      | Noticed Terence
  1933 | D:3      | Killed Terence
  1959 | D:3      | Noticed Grinder
  1978 | D:3      | Paralysed by Grinder for 7 turns
  1997 | D:3      | Paralysed by Grinder for 5 turns
  2005 | D:3      | HP: 1/51 [Grinder (10)]
  2005 | D:3      | Slain by Grinder

Action                   |  1- 3 |  4- 6 || total
-------------------------+-------+-------++-------
Melee: War axe           |   104 |    84 ||   188
  Use: Potion            |       |     1 ||     1
